 Dungeon Crawl Stone Soup version 0.32-a0-738-g1a05c61 (webtiles) character file.

Game seed: 2167170111593272000

136 skewfiend the Trooper (level 4, 0/41 HPs)
             Began as a Mountain Dwarf Artificer on Mar 16, 2024.
             Incinerated by a bombardier beetle (4 damage)
             ... with a burning spray
             ... on level 3 of the Dungeon.
             The game lasted 00:06:08 (2331 turns).

skewfiend the Trooper (Mountain Dwarf Artificer)    Turns: 2331, Time: 00:06:09

Health: 0/41       AC:  6    Str: 14    XL:     4   Next: 98%
Magic:  4/4        EV:  8    Int: 10    God:
Gold:   59         SH:  0    Dex: 12    Spells: 3/3 levels left

rFire   . . .        o - +0 mace
rCold   . . .        (no shield)
rNeg    + . .        n - +0 scale mail
rPois   .            (no helmet)
rElec   .            (no cloak)
rCorr   .            (no gloves)
SInv    +            (no boots)
Will    .....        (no amulet) Stlth
                     q - ring of positive energy
HPRegen 0.26/turn    (no ring)
MPRegen 0.09/turn

%: clarity
@: on fire, glowing
A: runic magic, artefact enchanting, see invisible, clarity, dopey 1
a: no special abilities


You were on level 3 of the Dungeon.
You visited 1 branch of the dungeon, and saw 3 of its levels.

You collected 59 gold pieces.

Inventory:

Hand Weapons
 a - a +0 club
 o - a +0 mace (weapon)
Missiles
 m - 14 stones (quivered)
Armour
 b - a +0 leather armour
 i - a +0 ring mail
 n - a +0 scale mail (worn)
Jewellery
 q - a ring of positive energy (left hand)
Wands
 c - a wand of flame (6)
 d - a wand of charming (15)
 e - a wand of iceblast (4)
Scrolls
 g - a scroll of amnesia {unknown}
 h - a scroll of enchant armour
 j - a scroll of teleportation
 k - a scroll of identify
 l - 2 scrolls of enchant weapon {unknown}
 p - a scroll of revelation
 r - a scroll of poison {unknown}
Potions
 f - a potion of mutation


   Skills:
 + Level 4.4 Fighting
 * Level 2.9 Maces & Flails
 - Level 2.1 Armour
 - Level 0.6 Dodging
 - Level 0.6 Stealth
 - Level 3.2 Evocations


You had 3 spell levels left.
You didn't know any spells.
Your spell library contained the following spells:

 Spells                   Type           Power      Damage    Failure   Level
 Vhi's Electric Charge    Tloc/Air       0%         N/A       99%         4
 Arcjolt                  Conj/Air       0%         1d10      100%        5
 Maxwell's Capacitive Co  Air            0%         ∞         100%        8


Dungeon Overview and Level Annotations

Branches:
Dungeon (3/15)

Altars:

Annotations:
D:3 Natasha


Innate Abilities, Weirdness & Mutations

Your spellcasting is much less encumbered by armour.
You can use scrolls of enchantment on lesser artefacts.
You have supernaturally acute eyesight. (SInv)
You possess an exceptional clarity of mind.
You are dopey. (Int -2)


Message History

The bombardier beetle is moderately wounded.
The bombardier beetle bites you.
You hit the bombardier beetle but do no damage.
The bombardier beetle is moderately wounded.
The bombardier beetle bites you.
You closely miss the bombardier beetle.
The bombardier beetle is moderately wounded.
The bombardier beetle closely misses you.
You hit the bombardier beetle but do no damage.
The bombardier beetle is moderately wounded.
The bombardier beetle sprays incendiary fluid at you.
The burning spray hits you.
You are covered in liquid fire!
You closely miss the bombardier beetle.
The bombardier beetle is moderately wounded.
The liquid fire burns you!
You barely miss the bombardier beetle.
The bombardier beetle is moderately wounded.
The liquid fire burns you!
The bombardier beetle barely misses you.
You hit the bombardier beetle.
The bombardier beetle is heavily wounded.
The liquid fire burns you!
The bombardier beetle bites you but does no damage.
You hit the bombardier beetle.
The bombardier beetle is almost dead.
The liquid fire burns you! The bombardier beetle bites you.
You barely miss the bombardier beetle.
The bombardier beetle is almost dead.
The liquid fire burns you!
* * * LOW HITPOINT WARNING * * *
You sock the bombardier beetle!
You kill the bombardier beetle!
The liquid fire burns you!
* * * LOW HITPOINT WARNING * * *
Okay, then.
You shake off some of the fire as you move.
The liquid fire burns you!
You die...

....# #.......# .####
#..^....# .# .####
#.......# .# ....#
#.......# ##.# ###.#
#.......# ...#
###.###.......### #..
................# #.#
.##.##.########.####.#
#.##.# #...@....#
#.##.# #.#.###..#
...<.# #.#.# #†.#
#.##.. . ... #..#
#.##.# ##.#.. ....
#....# #.#.###.... #
... ...##. ..# ##.# ..
.# ..


There were no monsters in sight!

Vanquished Creatures
  A bombardier beetle (D:3)
  Jessica (D:3)
  2 adders
  2 dart slugs (D:2)
  2 ribbon worms
  An orc (D:3)
  7 ball pythons
  3 endoplasms (D:2)
  2 giant cockroaches (D:1)
  2 goblins
  3 hobgoblins
  2 jackals (D:3)
  A quokka (D:2)
  5 bats
  3 frilled lizards
  7 kobolds
  6 rats
50 creatures vanquished.

Notes
Turn   | Place    | Note
-------+----------+-------------------------------------------
     0 | D:1      | skewfiend the Mountain Dwarf Artificer began the quest for
                  | the Orb.
     0 | D:1      | Reached XP level 1. HP: 16/16 MP: 1/1
   307 | D:1      | Reached skill level 2 in Fighting
   334 | D:1      | Reached XP level 2. HP: 25/25 MP: 2/2
   771 | D:2      | Reached skill level 3 in Fighting
   998 | D:2      | Reached XP level 3. HP: 26/31 MP: 3/3
  1542 | D:2      | Reached skill level 4 in Fighting
  1778 | D:3      | Reached skill level 1 in Maces & Flails
  1922 | D:3      | Noticed Jessica
  1932 | D:3      | Killed Jessica
  1933 | D:3      | Reached XP level 4. HP: 36/40 MP: 4/4
  2020 | D:3      | Noticed Natasha
  2028 | D:3      | Gained mutation: You have supernaturally acute eyesight.
                  | (SInv) [potion of mutation]
  2028 | D:3      | Gained mutation: You are dopey. (Int -2) [potion of
                  | mutation]
  2028 | D:3      | Gained mutation: You possess an exceptional clarity of
                  | mind. [potion of mutation]
  2331 | D:3      | Incinerated by a bombardier beetle

Illustrated notes

Levels and vault maps discovered:
D:1:      amcnicky_arrival_single_pillar, layout_basic
D:2:      layout_loops_ring
D:3:      layout_loops_cross, uniq_ijyb, uniq_jessica, uniq_natasha

Skill      XL: |  1  2  3 |
---------------+----------+-----
Fighting       | 2 3 4 |  4.4
Maces & Flails | 2 |  2.9
Armour         | |  2.1
Dodging        | |  0.6
Stealth        | |  0.6
Evocations     | |  3.2

Action                     |  1- 3 |  4- 6 || total
---------------------------+-------+-------++-------
  Melee: Club              |   186 |       ||   186
         Mace              |     3 |    56 ||    59
  Throw: Stone             |     1 |       ||     1
  Evoke: Wand              |    10 |       ||    10
    Use: Scroll            |       |     3 ||     3
         Potion            |       |     1 ||     1
 Armour: Ring mail         |   124 |       ||   124
         Leather armour    |     6 |       ||     6
         Scale mail        |    50 |    55 ||   105
         Skin              |     1 |       ||     1
  Dodge: Dodged            |   100 |    23 ||   123

Table legend: (Time is in decaauts)
 A = Elapsed time spent in this place.
 B = Non-inter-level travel time spent in this place.
 C = Inter-level travel time spent in this place.
 D = Time resting spent in this place.
 E = Time spent auto-exploring this place.
 F = Levels seen in this place.
 G = Mean time per level.
                   A        B        C        D        E       F      G
               +--------+--------+--------+--------+--------+-----+--------+
         Total |   2402 |   2322 |     80 |     94 |   1617 |   3 |  800.7 |
       Dungeon |   2402 |   2322 |     80 |     94 |   1617 |   3 |  800.7 |
               +--------+--------+--------+--------+--------+-----+--------+

Top non-repeatable levels by time:
     D:2: 1143 daAuts
     D:1: 648 daAuts
     D:3: 610 daAuts
